 Dungeon Crawl Stone Soup version 0.25.1-8-g42b30a86e7 (webtiles) character file.

Game seed: 4522599577276528973

343 Jukra the Slasher (level 6, -8/55 HPs)
             Began as a Minotaur Berserker on Dec 8, 2020.
             Was a Believer of Trog.
             Mangled by an ogre
             ... wielding a cursed +0 giant club
              (11 damage)
             ... on level 5 of the Dungeon.
             The game lasted 00:05:48 (3580 turns).

Jukra the Slasher (Minotaur Berserker)              Turns: 3580, Time: 00:05:49

Health: -8/55      AC: 10    Str: 24    XL:     6   Next: 31%
Magic:  5/5        EV:  9    Int:  4    God:    Trog [**....]
Gold:   188        SH:  0    Dex:  9    Spells: 5/5 levels left

rFire    . . .     SeeInvis .   a - +0 falchion
rCold    . . .     Gourm    .   (no shield)
rNeg     . . .     Faith    .   g - +0 chain mail
rPois    .         Spirit   .   (helmet restricted)
rElec    .         Reflect  .   n - +0 cloak
rCorr    .         Harm     .   (no gloves)
MR       .....                  (no boots)
Stlth    ..........             (no amulet)
HPRegen  0.18/turn              (no ring)
MPRegen  0.09/turn              (no ring)

@: no status effects
A: retaliatory headbutt, horns 2
a: Berserk, Trog's Hand, Renounce Religion


You were on level 5 of the Dungeon.
You worshipped Trog.
Trog was pleased with you.
You were not hungry.

You visited 1 branch of the dungeon, and saw 4 of its levels.

You collected 188 gold pieces.

Inventory:

Hand Weapons
 a - a +0 falchion (weapon)
Armour
 g - a +0 chain mail (worn)
 n - a +0 cloak (worn)
Wands
 o - a wand of flame (17)
Scrolls
 d - 2 scrolls of noise {unknown}
 e - a scroll of enchant weapon {unknown}
 f - a scroll of immolation {unknown}
 h - 9 scrolls of identify {unknown}
 i - 4 scrolls of remove curse {unknown}
 j - a scroll of fear {unknown}
 k - a scroll of teleportation {unknown}
 l - a scroll of random uselessness {unknown}
 q - a scroll of magic mapping {unknown}
Potions
 m - a potion of degeneration {unknown}
 p - a potion of ambrosia {unknown}
Comestibles
 b - 2 chunks of flesh
 c - 10 rations


   Skills:
 + Level 4.9 Fighting
 + Level 6.4 Long Blades
 + Level 4.8 Armour
 + Level 2.3 Dodging
 + Level 0.4 Stealth


You had 5 spell levels left.
You didn't know any spells.
Your spell library contained the following spells:

 Spells                   Type           Power        Failure   Level  Hunger
 Corona                   Hex            #......      98%         1    ##.....
 Ensorcelled Hibernation  Hex/Ice        #.....       99%         2    ###....
 Confusing Touch          Hex            #.......     100%        3    ####...
 Dazzling Flash           Conj/Hex       #.....       100%        3    ####...
 Tukima's Dance           Hex            #.......     100%        3    ####...


Dungeon Overview and Level Annotations

Branches:
Dungeon (5/15)
 Temple: D:4-7

Altars:
Ashenzari
Elyvilon
Fedhas
Makhleb
Nemelex Xobeh
Vehumet

Shops:
D:5 !


Innate Abilities, Weirdness & Mutations

You reflexively headbutt those who attack you in melee.
You have a pair of horns on your head.


Message History

* * * LOW HITPOINT WARNING * * *
You are too injured to fight recklessly!
You are too injured to fight recklessly!
You are too injured to fight recklessly!
You slash the ogre!
The ogre is moderately wounded.
The ogre hits you with a cursed +0 giant club!
* * * LOW HITPOINT WARNING * * *
You hit the ogre but do no damage.
The ogre is moderately wounded.
You barely miss the ogre. You headbutt the ogre.
The ogre is moderately wounded.
The ogre hits you but does no damage.
You hit the ogre.
The ogre is heavily wounded.
The ogre hits you but does no damage.
You slash the ogre!
The ogre is almost dead.
The ogre hits you with a cursed +0 giant club!
You die...

..................######
.............#......#
..####..............#
..###.......#.......#
..##..#........######
..##.#.......#.# #
.............#.## ...
.#...#..(....#..###.....
....###.....###.@OZ.....
.##.####...## #####.....
.##.<....### ...
.....##..#####. .
###...........
####.####### ### #.#
..#####.# #.......#


You could see an ogre and an adder skeleton.

Vanquished Creatures
  2 scorpions
  A crimson imp (D:5)
  A bullfrog skeleton (D:4)
  Ijyb (D:5)
  An iguana (D:4)
  2 worker ants
  A hound skeleton (D:4)
  2 adders
  An ooze (D:5)
  5 leopard geckos
  An orc (D:4)
  3 ball pythons (D:1)
  2 bats
  4 giant cockroaches
  4 goblins
  3 hobgoblins
  5 jackals
  A quokka (D:5)
  2 frilled lizards
  4 kobolds (D:1)
  A leopard gecko skeleton (D:4)
  3 rats
  A bush (D:1)
  A plant (D:1)
52 creatures vanquished.

Notes
Turn   | Place    | Note
-------+----------+-------------------------------------------
     0 | D:1      | Jukra the Minotaur Berserker began the quest for the Orb.
     0 | D:1      | Reached XP level 1. HP: 19/19 MP: 0/0
   240 | D:1      | Reached XP level 2. HP: 14/27 MP: 1/1
   245 | D:1      | Reached skill level 4 in Long Blades
   587 | D:1      | Reached ** piety under Trog
   968 | D:1      | Reached XP level 3. HP: 34/34 MP: 2/2
  1692 | D:2      | You fall into a shaft and drop 2 floors!
  1714 | D:4      | Reached skill level 5 in Long Blades
  1714 | D:4      | Reached XP level 4. HP: 28/41 MP: 3/3
  2541 | D:4      | Found a white marble altar of Elyvilon.
  2576 | D:4      | Reached XP level 5. HP: 47/47 MP: 4/4
  2681 | D:4      | Found a radiant altar of Vehumet.
  2681 | D:4      | Found a faded altar of an unknown god.
  2686 | D:4      | Found a sparkling altar of Nemelex Xobeh.
  2688 | D:4      | Found a burning altar of Makhleb.
  2689 | D:4      | Found a shattered altar of Ashenzari.
  2737 | D:4      | Found a blossoming altar of Fedhas.
  3198 | D:5      | Entered Level 5 of the Dungeon
  3204 | D:5      | Reached skill level 6 in Long Blades
  3254 | D:5      | Reached XP level 6. HP: 53/55 MP: 5/5
  3326 | D:5      | Noticed Ijyb
  3338 | D:5      | Killed Ijyb
  3515 | D:5      | Found Jerefuta's Distillery.
  3576 | D:5      | HP: 2/55 [ogre/cursed +0 giant club (14)]
  3580 | D:5      | Mangled by an ogre

Illustrated notes

Levels and vault maps discovered:
D:1:      ebering_hopf_link, layout_basic, serial_forest,
          infiniplex_forest_zigzag_1, infiniplex_forest_end_3,
          infiniplex_forest_lined_ring, infiniplex_forest_zigzag_1,
          infiniplex_forest_lined_1, infiniplex_forest_corner_1,
          infiniplex_forest_clump_medium, corexii_corridor_pit,
          due_unseen_surprise
D:2:      layout_basic
D:4:      layout_layer_cave, lemuel_round_altar, elyvilon_altar_5,
          chequers_temple_overflow_minitemple, first_ration
D:5:      layout_rooms, kennysheep_mini, serial_shops, shop, uniq_ijyb

Skill      XL: |  1  2  3  4  5 |
---------------+----------------+-----
Fighting       | 4 |  4.9
Long Blades    | 4 5 6 |  6.4
Armour         | 3 4 |  4.8
Dodging        | |  2.3
Stealth        | |  0.4

Action                   |  1- 3 |  4- 6 || total
-------------------------+-------+-------++-------
Melee: Falchion          |   180 |    69 ||   249
       Headbutt          |    51 |    13 ||    64
  Use: Potion            |     2 |       ||     2
 Stab: Sleeping          |     1 |       ||     1
  Eat: Chunk             |     2 |     7 ||     9
Armor: Animal skin       |     4 |       ||     4
       Chain mail        |    27 |    35 ||    62
Dodge: Dodged            |    37 |    27 ||    64
       Rpst.: Falchion   |     5 |     8 ||    13
